cohdb
Replays
Latest Replays
All Replays
Popular Replays
Top Player Replays
Match Explorer
How It Works
Community
CoH3 Stats
Reddit
Sign in to upload your games and track your stats! →
Sign in with Steam
Oh look, Guastatoris do something for once
Match 42006588
Overview
Messages
Build Orders
End
Engineer Squad
Construct Barracks
Selects Heavy Weapons
Riflemen Squad
Riflemen Squad
1⁄4-ton 4x4 Truck
Mechanized Support Center
Riflemen Squad
Selects M2HB .50cal Heavy Machine Gun
Construct Motor Pool
M8 Greyhound Armored Car
Selects Assault Carriers
Selects Halftrack Strongpoints
Construct Medical Station
M1 Mortar Team
Designate Forward Repair Station
Riflemen Squad
M1918 Browning Automatic Rifles
Grenade Package
M1 Anti-tank Gun Team
Improvised Armor
M24 Chaffee Light Tank
M1 Anti-tank Gun Team
Selects M26 Pershing Heavy Tank
M26 Pershing Heavy Tank
M24 Chaffee Light Tank
.30 cal Machine Gun
M24 Chaffee Light Tank
Selects Gallant Stand
Selects Black Dragon Artillery Barrage
M24 Chaffee Light Tank
Engineer Squad
Salvage Crew
M24 Chaffee Light Tank
M24 Chaffee Light Tank
M24 Chaffee Light Tank
Black Dragon Artillery Barrage
Ares
Dumbass
3nder
PAX AJAX
0
0
Comments
sign in to comment!
No comments posted yet!